 Dungeon Crawl Stone Soup version 0.31.0-10-gcf4a605ca0 (webtiles) character file.

Game seed: 5268790342876927560

5937 ymhsbmbesitwf the Fighter (level 10, -1/97 HPs)
             Began as a Minotaur Fighter on Jan 25, 2024.
             Was a Believer of the Shining One.
             Slain by a sun demon (18 damage)
             ... summoned by a kobold demonologist
             ... on level 9 of the Dungeon.
             The game lasted 00:13:36 (6970 turns).

ymhsbmbesitwf the Fighter (Minotaur Fighter)        Turns: 6970, Time: 00:13:37

Health: -1/97      AC: 18    Str: 25    XL:     10   Next: 54%
Magic:  9/9        EV:  8    Int:  5    God:    the Shining One [**....]
Gold:   761        SH:  9    Dex: 10    Spells: 9/9 levels left

rFire   . . .        a - +0 war axe
rCold   . . .        k - +0 kite shield
rNeg    + . .        w - +0 plate armour
rPois   .            (helmet restricted)
rElec   .            (no cloak)
rCorr   .            A - +1 pair of gloves
SInv    .            G - +2 pair of boots {Stlth+}
Will    +....        (no amulet) Stlth
                     u - ring of willpower
HPRegen 0.36/turn    (no ring)
MPRegen 0.11/turn

%: no passive effects
@: glowing, studying Short Blades
A: horns 2, retaliatory headbutt
a: Renounce Religion, Divine Shield


You were on level 9 of the Dungeon.
You worshipped the Shining One.
The Shining One was pleased with you.
You visited 2 branches of the dungeon, and saw 10 of its levels.
You also visited: Bailey.

You collected 1027 gold pieces.
You spent 266 gold pieces at shops.

Inventory:

Hand Weapons
 a - a +0 war axe (weapon)
 b - a +0 trident
 K - a +1 antimagic hand axe
Missiles
 p - 10 boomerangs (quivered)
 J - 6 javelins
Armour
 k - a +0 kite shield (worn)
 w - a +0 plate armour (worn)
 A - a +1 pair of gloves (worn)
 G - a +2 pair of boots of stealth (worn)
 H - a +1 chain mail of cold resistance
Jewellery
 u - a ring of willpower (left hand)
Wands
 v - a wand of digging (7)
 D - a wand of paralysis (6)
 I - a wand of light (5)
Scrolls
 c - a scroll of brand weapon {unknown}
 e - 5 scrolls of revelation {unknown}
 f - 6 scrolls of identify {unknown}
 h - 6 scrolls of teleportation
 l - a scroll of amnesia {unknown}
 n - a scroll of poison {unknown}
 o - 3 scrolls of immolation {unknown}
 s - a scroll of enchant armour {unknown}
 x - 2 scrolls of vulnerability {unknown}
 y - a scroll of blinking {unknown}
 z - 2 scrolls of summoning {unknown}
 C - 2 scrolls of enchant weapon {unknown}
Potions
 d - a potion of might
 g - 3 potions of heal wounds {unknown}
 i - a potion of haste {unknown}
 j - a potion of brilliance {unknown}
 m - 2 potions of resistance {unknown}
 q - 3 potions of mutation
 r - 2 potions of attraction {unknown}
 t - a potion of magic {unknown}
 B - 6 potions of curing
 E - a potion of degeneration {unknown}
 F - 2 potions of invisibility {unknown}
 L - a potion of berserk rage {unknown}


   Skills:
 * Level 11.7 Fighting
 * Level 11.6 Axes
 + Level 6.8 Armour
 + Level 5.9 Dodging
 + Level 6.7 Shields


You had 9 spell levels left.
You didn't know any spells.
Your spell library contained the following spells:

 Spells                   Type           Power      Damage    Failure   Level
 Ensorcelled Hibernation  Hex/Ice        0%         N/A       100%        2
 Passwall                 Erth           0%         N/A       100%        3
 Swiftness                Air            0%         N/A       100%        3


Dungeon Overview and Level Annotations

Branches:
Dungeon (9/15)             Temple (1/1) D:5          Bailey (visited)
   Lair: D:8-11         Orc: D:9-12

Altars:
Ashenzari
Cheibriados
Dithmenos
Elyvilon
Fedhas
Gozag
Hepliaklqana
Kikubaaqudgha
Makhleb
Nemelex Xobeh
Okawaru
Qazlal
Ru
Sif Muna
Trog
Uskayaw
Vehumet
Wu Jian
Xom
Yredelemnul
Zin
The Shining One

Shops:
D:2 [   D:4 !


Innate Abilities, Weirdness & Mutations

You have a pair of horns on your head.
You reflexively headbutt those who attack you in melee.


Message History

No target in view!
You feel sick.
You are no longer poisoned.
A kobold demonologist comes into view. It is wielding a +0 dagger.
Found a scroll labelled NAIQUA BAPUUNNYS.
The kobold demonologist hits you but does no damage.
You hit the kobold demonologist. You headbutt the kobold demonologist.
The kobold demonologist is lightly wounded.
The kobold demonologist casts a spell.
You hit the kobold demonologist but do no damage.
The kobold demonologist is lightly wounded.
You hit the sun demon but do no damage.
You block the kobold demonologist's attack.
The sun demon hits you but does no damage.
You hit the kobold demonologist but do no damage.
The kobold demonologist is lightly wounded.
You barely miss the sun demon.
You block the kobold demonologist's attack.
The sun demon hits you!
You are engulfed in flames!
You barely miss the kobold demonologist.
Your headbutt misses the kobold demonologist.
The kobold demonologist is lightly wounded.
You slash the sun demon!
The kobold demonologist hits you with a +0 dagger.
The sun demon hits you!!
You are engulfed in flames!
You slash the kobold demonologist!
Your headbutt misses the kobold demonologist.
The kobold demonologist is moderately wounded.
You hit the sun demon but do no damage. The sun demon barely misses you.
You furiously retaliate!
You headbutt the sun demon.
The kobold demonologist miscasts a cantrip.
You slash the kobold demonologist!
The kobold demonologist is severely wounded.
You hit the sun demon but do no damage.
The sun demon hits you but does no damage.
The kobold demonologist misses you. You furiously retaliate!
You headbutt the kobold demonologist. The sun demon hits you!
* * * LOW HITPOINT WARNING * * *
You are engulfed in flames!!
You die...

##### .... ... ?..#
#.. #..# ##..## #..#
#.....
##############..#
##.....
..............@K#
##.._8_.
..............3.......
........
#####...###########...
........ #...# #
#####... #>..# ####
#...# ######
#####.†.####### ....
...... ......†.†......
...[ ......
#######...##### #..#
######


You could see a sun demon (summoned) and a kobold demonologist.

Vanquished Creatures
  Joseph (D:9)
  A kobold demonologist (D:9)
  A troll (D:8)
  A shadow (D:7)
  A wraith (D:7)
  Sigmund (D:3)
  6 yaks (D:8)
  A basilisk (D:7)
  2 steam dragons
  A water moccasin (D:8)
  6 orc warriors
  A sky beast (D:7)
  A black bear (D:7)
  2 centaurs
  Blork the orc (D:6)
  7 kobold brigands
  A bullfrog (D:8)
  A scorpion (D:6)
  A gnoll sergeant (D:8)
  5 wights (D:8)
  5 killer bees (D:9)
  A howler monkey (D:7)
  2 bombardier beetles (D:4)
  5 hounds
  An orc priest (D:5)
  2 jellies
  2 gnoll boudas
  2 sleepcaps
  Natasha (thrice) (D:2)
  4 iguanas
  6 orc wizards
  10 gnolls
  9 adders
  7 shadow imps (D:5)
  6 white imps
  3 ufetubi (D:5)
  A dart slug (D:2)
  2 ribbon worms (D:2)
  30 orcs
  3 endoplasms
  6 giant cockroaches
  6 goblins
  6 hobgoblins
  9 jackals
  3 quokkas
  7 ball pythons
  3 bats
  4 frilled lizards
  13 kobolds
  4 rats
207 creatures vanquished.

Vanquished Creatures (others)
  A gnoll (D:8)
1 creature vanquished.

Grand Total: 208 creatures vanquished

Notes
Turn   | Place    | Note
-------+----------+-------------------------------------------
     0 | D:1      | ymhsbmbesitwf the Minotaur Fighter began the quest for the
                  | Orb.
     0 | D:1      | Reached XP level 1. HP: 19/19 MP: 0/0
   219 | D:1      | Reached XP level 2. HP: 27/27 MP: 1/1
   749 | D:2      | Reached XP level 3. HP: 32/33 MP: 2/2
   789 | D:2      | Noticed Natasha
   801 | D:2      | Killed Natasha
   802 | D:2      | Reached skill level 1 in Dodging
   829 | D:2      | Noticed Natasha
   834 | D:2      | Killed Natasha
   835 | D:2      | Reached XP level 4. HP: 41/41 MP: 3/3
   863 | D:2      | Found a faded altar of an unknown god.
   914 | D:2      | Found Akhiteutz's Armour Emporium.
  1236 | D:2      | Found an ancient bone altar of Kikubaaqudgha.
  1276 | D:2      | Noticed Natasha
  1279 | D:2      | Killed Natasha
  1280 | D:2      | Reached skill level 5 in Fighting
  1280 | D:2      | Reached XP level 5. HP: 43/48 MP: 4/4
  1430 | D:3      | Noticed Sigmund
  1441 | D:3      | Killed Sigmund
  1442 | D:3      | Reached skill level 5 in Axes
  1442 | D:3      | Reached XP level 6. HP: 51/57 MP: 5/5
  1858 | D:4      | Found Tyass's Distillery.
  1867 | D:4      | Bought a potion of curing for 42 gold pieces
  2319 | D:4      | Found a snail-covered altar of Cheibriados.
  2628 | D:4      | Bought 2 potions of mutation for 224 gold pieces
  2636 | D:5      | Entered Level 5 of the Dungeon
  2662 | D:5      | Reached XP level 7. HP: 13/64 MP: 6/6
  2995 | D:5      | Found a staircase to the Ecumenical Temple.
  3004 | Temple   | Entered the Ecumenical Temple
  3023 | Temple   | Became a worshipper of the Shining One
  3879 | D:6      | Noticed Blork the orc
  3886 | D:6      | Killed Blork the orc
  3901 | D:6      | Reached * piety under the Shining One
  4065 | D:6      | Reached XP level 8. HP: 69/74 MP: 7/7
  4682 | D:7      | Reached XP level 9. HP: 76/84 MP: 8/8
  4748 | D:7      | Found a flagged portal.
  4774 | Bailey   | Entered a bailey
  4893 | Bailey   | Reached skill level 5 in Armour
  4942 | Bailey   | Reached skill level 5 in Shields
  4951 | Bailey   | Reached skill level 10 in Fighting
  4951 | Bailey   | Reached skill level 10 in Axes
  4959 | Bailey   | Found an iron altar of Okawaru.
  4998 | Bailey   | Identified the +0 chain mail of Indomitability {rF+ rC-
                  | Dex+3}
  5556 | D:8      | Reached ** piety under the Shining One
  5692 | D:8      | Reached skill level 5 in Dodging
  6008 | D:8      | Noticed a troll
  6014 | D:8      | Killed a troll
  6015 | D:8      | Reached XP level 10. HP: 73/94 MP: 9/9
  6718 | D:9      | Found a shadowy altar of Dithmenos.
  6723 | D:9      | Found an opulent altar of Gozag.
  6778 | D:9      | Noticed Joseph
  6796 | D:9      | Killed Joseph
  6966 | D:9      | Noticed a sun demon
  6970 | D:9      | Slain by a sun demon

Illustrated notes

Levels and vault maps discovered:
D:1:      lightli_molten_gateway, layout_loops_ring
D:2:      layout_basic, serial_shops, nicolae_shop_window_shopping, basic_altar,
          ebering_ecumenical_altar_mist, uniq_natasha
D:3:      layout_rooms, uniq_sigmund
D:4:      layout_basic, slow_altar_1, serial_shops,
          nicolae_shop_competitors_out_of_business,
          serial_library_hellmonk_h_bend
D:5:      layout_loops_ring, minmay_temple_entry_grid, serial_demonic,
          serial_demonic_g, serial_demonic_d, serial_demonic_f,
          serial_demonic_d, serial_demonic_e, serial_demonic_d
D:6:      layout_rooms, uniq_blork_the_orc
D:7:      layout_basic, enter_bailey_2, chequers_serial_rivers_micro_a,
          minmay_manual_mess
D:8:      layout_layer_cave, dreamdust_wishing_well, nicolae_grassy_gnolls
D:9:      layout_long_grid, chequers_temple_overflow_statue_of_worship,
          uniq_joseph
Temple:   hellmonk_temple_of_storms

Skill      XL: |  1  2  3  4  5  6  7  8  9 10 |
---------------+-------------------------------+-----
Axes           | 3 4 5 6 7 9 10 11 | 11.6
Fighting       | 4 5 6 8 9 10 11 | 11.7
Armour         | 4 6 |  6.8
Dodging        | 1 2 3 5 |  5.9
Shields        | 4 5 6 |  6.7

Action                     |  1- 3 |  4- 6 |  7- 9 | 10-12 || total
---------------------------+-------+-------+-------+-------++-------
  Melee: War axe           |    62 |   135 |   271 |    61 ||   529
         Headbutt          |     4 |    20 |    72 |    16 ||   112
    Use: Potion            |       |     1 |       |       ||     1
         Scroll            |       |       |       |     1 ||     1
 Armour: Scale mail        |    39 |    33 |       |       ||    72
         Chain mail        |       |    76 |    79 |       ||   155
         Plate armour      |       |       |   179 |    68 ||   247
  Dodge: Dodged            |    32 |    58 |   116 |    19 ||   225
  Block: Buckler           |    11 |     3 |       |       ||    14
         Kite shield       |       |    71 |   136 |    40 ||   247
